 Dungeon Crawl Stone Soup version 0.26-a0-597-gb535b0901c (webtiles) character file.

Game seed: 7294900999337802148

33078 Borgoz the Carver (level 13, -1/105 HPs)
             Began as a Demonspawn Berserker on Sept 15, 2020.
             Was a High Priest of Trog.
             Slain by a tentacled starspawn (10 damage)
             ... on level 2 of the Abyss.
             The game lasted 00:30:23 (15610 turns).

Borgoz the Carver (Demonspawn Berserker)           Turns: 15610, Time: 00:30:23

Health: -1/105     AC: 14    Str: 25 (26) XL:     13   Next: 34%
Magic:  12/13      EV: 17    Int:  6      God:    Trog [*****.]
Gold:   1134       SH:  5    Dex: 11      Spells: 12/12 levels left

rFire    . . .     SeeInvis .   a - +7 demon blade
rCold    . . .     Faith    .   (no shield)
rNeg     . . .     Spirit   .   p - +2 troll leather armour
rPois    .         Reflect  +   (helmet restricted)
rElec    .         Harm     .   g - +0 cloak
rCorr    .         Rnd*Rage +   s - +1 pair of gloves
MR       +++++     Rnd*Tele +   (no boots)
Stlth    ++........             x - amulet "Fodocate" {Reflect *Corrode MR+++ Str+5 SH+5}
HPRegen  1.67/turn              i - +6 ring of strength
MPRegen  0.13/turn              (no ring)

@: berserk cooldown, regenerating, slowed, studying Fighting, very slow
A: antennae 2, slimy green scales 1, [berserk 3], [clumsy 2], demonic guardian
2, [deterioration 2], [dopey 2], [screaming 2], spiny 1, [teleportitis 2], [weak
2]
a: Berserk, Trog's Hand, Brothers in Arms, Renounce Religion


You were on level 2 of the Abyss.
You worshipped Trog.
Trog was extremely pleased with you.
You visited 1 branch of the dungeon, and saw 13 of its levels.
You visited the Abyss 1 time.
You also visited: Ossuary and Bailey.

You collected 1134 gold pieces.

Inventory:

Hand Weapons
 a - a +7 demon blade (weapon)
 b - a +4 scimitar of flaming
 q - the +4 hand crossbow of Ravage {flame, MR+ Int+2 SInv Stlth+, unknown}
   (You found it on level 12 of the Dungeon)

   It causes projectiles fired from it to burn those they strike, causing extra
   injury to most foes and up to half again as much damage against particularly
   susceptible opponents.
   It affects your intelligence (+2).
   It affects your resistance to hostile enchantments.
   It lets you see invisible.
   It makes you more stealthy.
 F - a +0 great sword
Missiles
 D - a throwing net (quivered)
Armour
 g - a +0 cloak (worn)
 p - a +2 troll leather armour (worn)
 s - a +1 pair of gloves (worn)
 E - a +4 scale mail
Jewellery
 h - an uncursed amulet of guardian spirit
 i - a +6 ring of strength (left hand)
 l - an uncursed ring of ice
 x - the amulet "Fodocate" (around neck) {Reflect *Corrode MR+++ Str+5 SH+5}
   (You acquired it on level 12 of the Dungeon)

   [amulet of reflection]

   It shields you and reflects attacks.
   It affects your strength (+5).
   It affects your resistance to hostile enchantments.
   It may corrode you when you take damage.
   It affects your SH (+5).
 G - an uncursed amulet of faith
Wands
 o - a wand of flame (69)
 y - a wand of paralysis (1)
 C - a wand of enslavement (7)
 H - a wand of iceblast (5)
Scrolls
 d - 3 scrolls of magic mapping
 e - 10 scrolls of remove curse
 k - 3 scrolls of fear
 n - 10 scrolls of teleportation
 v - 2 scrolls of blinking
Potions
 c - a potion of lignification
 f - 10 potions of curing
 j - 2 potions of stabbing {unknown}
 m - a potion of haste
 r - a potion of mutation
 u - a potion of might {unknown}
 w - a potion of resistance
 z - 3 potions of heal wounds
 A - 4 potions of flight
 I - a potion of berserk rage
Books
 B - a manual of Fighting


   Skills:
 + Level 10.9 Fighting
 * Level 11.4 Long Blades
 * Level 11.2 Armour
 * Level 11.2 Dodging
 + Level 3.1 Stealth
 + Level 3.1 Evocations


You had 12 spell levels left.
You didn't know any spells.
Your spell library was empty.

Dungeon Overview and Level Annotations

Branches:
Dungeon (13/15)            Temple (0/1) D:6            Lair (0/6) D:10
    Orc (0/2) D:9         Ossuary (visited)          Bailey (visited)
 Vaults: D:13-14

Altars:
Ashenzari
Cheibriados
Dithmenos
Elyvilon
Fedhas
Gozag
Nemelex Xobeh
Qazlal
Ru
Sif Muna
Uskayaw
Wu Jian
Xom
Zin
Beogh

Shops:
D:4 (   D:8 :   D:9 *:=   D:11 [*

Annotations:
D:6 3 runed translucent doors, zealot1's ghost, novice TrFi
D:13 Sonja


Innate Abilities, Weirdness & Mutations

You have a pair of antennae on your head.
You are partially covered in slimy green scales. (AC +2)
A demonic guardian rushes to your aid.
You are partially covered in sharp spines.
[You have an uncontrollable temper.]
[You are very clumsy. (Dex -4)]
[Your body often deteriorates upon taking damage.]
[You are very dopey. (Int -4)]
[You sometimes yell uncontrollably at your foes.]
[You are sometimes teleported next to monsters.]
[You are very weak. (Str -4)]


Message History

* * * LOW HITPOINT WARNING * * *
Space bends around you.
* * * LOW HITPOINT WARNING * * *
The spatial maelstrom hits you!
* * * LOW HITPOINT WARNING * * *
You wobble for a moment.
The worldbinder calls forth creatures from the Snake Pit!
Your soul eater hits the worldbinder!
You slash the spatial maelstrom!
The spatial maelstrom is almost destroyed.
You block the spatial maelstrom's attack.
The spatial maelstrom misses you.
The worldbinder hits your soul eater but does no damage.
The worldbinder hits your soul eater.
The black mamba barely misses your soul eater.
Your soul eater hits the worldbinder but does no damage.
The worldbinder misses your soul eater.
The worldbinder hits your soul eater but does no damage.
The tentacled starspawn bites you!
You die...

. .. .. ### .# .
#.#.#. ## x..# .
##... . #.....
....#. .. {####..
....#.#. .. . .##
#.v.##.d.#...# .#
...
X.#'#'#'##.#...#.##
+.v.'.v.'.v###{.
.... '#'
+#'#'v.@#....# . '.
.' +.'J*#Xx3#.. §#
# v'..#∩#vS.#S###
.v +.+>'
+.+###....# #+ #+#.
.##.# +...## # ##.#
.. #. #.# # . ..


You could see a tentacled starspawn, a spatial maelstrom, a wretched star, a
slime creature, 3 spatial vortices, a mana viper (summoned), a worldbinder, a
black mamba (summoned) and a friendly soul eater (summoned).

Vanquished Creatures
  A tentacled starspawn (Abyss:2)
  A lorocyproca (Abyss:2)
  3 two-headed ogres
  An orc high priest (Bailey)
  A wretched star (Abyss:2)
  5 skeletal warriors
  2 unseen horrors
  2 cyclopes (D:11)
  2 ugly things (D:13)
  14 slime creatures
  2 manticores (D:13)
  A guardian serpent (shapeshifter) (D:13)
  An apocalypse crab (Abyss:2)
  An orange demon (Abyss:2)
  A smoke demon (Abyss:2)
  A gargoyle (D:12)
  2 komodo dragons (D:11)
  An efreet (D:13)
  2 trolls
  3 hippogriffs
  2 large abominations (Abyss:2)
  Sigmund (D:2)
  2 wraiths (D:12)
  2 wyverns
  2 shadows
  4 yaks (D:12)
  A basilisk (D:13)
  A chaos spawn (Abyss:2)
  2 vampire mosquitoes (D:12)
  4 small abominations (Abyss:2)
  3 sky beasts
  12 orc warriors
  2 ice beasts (D:9)
  A black bear (D:9)
  2 phantoms
  An ogre (D:6)
  A centaur (D:5)
  An elf zombie (Ossuary)
  4 bullfrogs
  3 big kobolds
  A wyvern zombie (D:12)
  An earth elemental (Abyss:2)
  A water moccasin zombie (D:12)
  2 wyvern skeletons
  2 scorpions
  24 killer bees
  14 wights
  7 electric eels
  A bullfrog zombie (D:5)
  7 centaur zombies
  2 howler monkeys (D:12)
  2 human zombies (Ossuary)
  3 jellies
  3 quasits
  5 hounds
  3 centaur skeletons
  An iron imp (Abyss:2)
  Ijyb (D:5)
  4 orc priests
  2 iguanas
  10 orc wizards
  8 worker ants
  A killer bee zombie (D:7)
  3 hound skeletons
  2 mummies (Ossuary)
  Robin (D:2)
  10 adders
  12 gnolls
  A shadow imp (D:5)
  A white imp (D:5)
  4 oozes
  2 adder zombies
  An adder skeleton (D:8)
  3 worms
  2 dart slugs
  2 leopard geckos
  38 orcs
  6 giant cockroaches
  30 goblins
  17 hobgoblins
  4 jackals
  17 kobolds
  5 quokkas
  4 ball pythons
  10 bats
  7 frilled lizards
  4 goblin zombies
  6 hobgoblin zombies (Ossuary)
  12 kobold zombies (Ossuary)
  8 orc zombies (Ossuary)
  2 quokka skeletons
  5 rats
  A rat zombie (D:6)
423 creatures vanquished.

Vanquished Creatures (collateral kills)
  A purple draconian (Abyss:2)
  Erolcha (D:10)
  A hydra (D:11)
  A centaur warrior (D:13)
  An orc high priest (Bailey)
  A thrashing horror (Abyss:2)
  An ugly thing (D:11)
  A worldbinder (Abyss:2)
  A guardian serpent (D:10)
  An orange demon (Abyss:2)
  A gargoyle (D:11)
  3 slime creatures
  A yak (D:12)
  2 small abominations (Abyss:2)
  An ice beast (D:8)
  2 ogres
  An elf zombie (Ossuary)
  A hound (D:2)
  A quasit (Abyss:2)
  An iguana (D:5)
  A big kobold zombie (Ossuary)
  A shadow imp (D:6)
  An ooze (Abyss:2)
  4 orcs
  A giant cockroach (D:6)
  A hobgoblin (Bailey)
  A quokka (D:6)
34 creatures vanquished.

Vanquished Creatures (others)
  A quokka (D:8)
  2 lurking horrors (Abyss:2)
  17 plants (D:9)
  9 starspawn tentacles (Abyss:2)
29 creatures vanquished.

Grand Total: 486 creatures vanquished

Notes
Turn   | Place    | Note
-------+----------+-------------------------------------------
     0 | D:1      | Borgoz the Demonspawn Berserker began the quest for the
                  | Orb.
     0 | D:1      | Reached XP level 1. HP: 18/18 MP: 1/1
   188 | D:1      | Gained mutation: A weak demonic guardian rushes to your
                  | aid. [demonic ancestry]
   188 | D:1      | Reached XP level 2. HP: 13/24 MP: 2/2
  1342 | D:2      | Noticed Sigmund
  1350 | D:2      | Killed Sigmund
  1350 | D:2      | Reached XP level 3. HP: 30/30 MP: 3/3
  1350 | D:2      | Gained mutation: You are partially covered in sharp spines.
                  | [demonic ancestry]
  1350 | D:2      | Reached XP level 4. HP: 37/37 MP: 4/4
  1350 | D:2      | Gained mutation: You have a pair of small antennae on your
                  | head. [demonic ancestry]
  1350 | D:2      | Reached XP level 5. HP: 42/42 MP: 5/5
  1400 | D:2      | Noticed an ice beast
  1572 | D:2      | Reached ** piety under Trog
  1936 | D:2      | Noticed Robin
  1954 | D:2      | Killed Robin
  1954 | D:2      | Reached XP level 6. HP: 48/48 MP: 6/6
  2006 | D:2      | Found a hide-covered altar of Uskayaw.
  2132 | D:2      | Found a sacrificial altar of Ru.
  2655 | D:3      | Found a shattered altar of Ashenzari.
  2655 | D:3      | Found a snail-covered altar of Cheibriados.
  3238 | D:4      | Found a stormy altar of Qazlal.
  3369 | D:4      | Found Wugeh's Weapon Boutique.
  3499 | D:4      | Gained mutation: You have a pair of antennae on your head.
                  | [demonic ancestry]
  3499 | D:4      | Reached XP level 7. HP: 29/54 MP: 3/7
  3801 | D:4      | Reached *** piety under Trog
  4136 | D:5      | Entered Level 5 of the Dungeon
  4364 | D:5      | Found a shimmering blue altar of Sif Muna.
  4621 | D:5      | Reached skill level 5 in Long Blades
  4897 | D:5      | Noticed Ijyb
  4905 | D:5      | Paralysed by Ijyb for 4 turns
  4910 | D:5      | Killed Ijyb
  4910 | D:5      | Gained mutation: You are partially covered in slimy green
                  | scales. (AC +2) [demonic ancestry]
  4910 | D:5      | Reached XP level 8. HP: 61/61 MP: 8/8
  5110 | D:5      | Found a glowing silver altar of Zin.
  5255 | D:6      | Reached skill level 5 in Armour
  5260 | D:6      | Reached **** piety under Trog
  5303 | D:6      | Found an opulent altar of Gozag.
  5309 | D:6      | Reached skill level 5 in Dodging
  5369 | D:6      | Found a runed translucent gate.
  5370 | D:6      | Found a runed translucent gate.
  5371 | D:6      | Found a runed translucent gate.
  5384 | D:6      | Identified the +2 great sword of the Pits of Slime {pain,
                  | rElec rPois rC- SInv}
  5384 | D:6      | Identified the +1 plate armour "Kaanesha" {Rampage Dex+4
                  | Slay+2 Stlth+}
  5386 | D:6      | Noticed zealot1's ghost (novice TrFi)
  5409 | D:6      | Reached skill level 5 in Fighting
  5419 | D:6      | Found a sand-covered staircase.
  5430 | Ossuary  | Entered an ossuary
  5898 | D:6      | Found a blossoming altar of Fedhas.
  6010 | D:6      | Found a shimmering altar of Xom.
  6011 | D:6      | Found a shadowy altar of Dithmenos.
  6029 | D:6      | Found a staircase to the Ecumenical Temple.
  6183 | D:6      | Found a roughly hewn altar of Beogh.
  6442 | D:7      | Reached XP level 9. HP: 65/68 MP: 9/9
  6577 | D:7      | Found a sparkling altar of Nemelex Xobeh.
  6624 | D:7      | Reached ***** piety under Trog
  7290 | D:8      | Noticed a two-headed ogre
  7297 | D:8      | Killed a two-headed ogre
  7632 | D:8      | Found Roluwata's Book Shop.
  7729 | D:8      | Found a white marble altar of Elyvilon.
  8253 | D:9      | Found a staircase to the Orcish Mines.
  8255 | D:9      | Found a shimmering altar of Xom.
  8256 | D:9      | Found a shimmering altar of Xom.
  8257 | D:9      | Found a shimmering altar of Xom.
  8257 | D:9      | Found a shimmering altar of Xom.
  8257 | D:9      | Found a shimmering altar of Xom.
  8259 | D:9      | Found a shimmering altar of Xom.
  8268 | D:9      | Noticed a troll
  8278 | D:9      | Killed a troll
  8285 | D:9      | Gained mutation: A demonic guardian rushes to your aid.
                  | [demonic ancestry]
  8285 | D:9      | Reached XP level 10. HP: 42/76 MP: 10/10
  8507 | D:9      | Found a shimmering altar of Xom.
  8819 | D:9      | Found Iwni Beuga's Book Shop.
  8887 | D:9      | Found Ciemil's Assorted Antiques.
  8893 | D:9      | Found an ornate altar of the Wu Jian Council.
  8963 | D:9      | Found Tadye's Jewellery Shoppe.
  9237 | D:9      | Noticed a two-headed ogre
  9246 | D:9      | Killed a two-headed ogre
  9637 | D:9      | Noticed a lindwurm
  9669 | D:10     | Entered Level 10 of the Dungeon
  9699 | D:10     | Received a gift from Trog
  9756 | D:10     | Found a staircase to the Lair.
  9766 | D:10     | Found a flagged portal.
  9774 | Bailey   | Entered a bailey
  9821 | Bailey   | Found an iron altar of Okawaru.
  9821 | Bailey   | Noticed an orc high priest
  9821 | Bailey   | Noticed an orc high priest
  9826 | Bailey   | Noticed a sun demon
  9830 | Bailey   | Killed an orc high priest
  9834 | Bailey   | Killed an orc high priest
 10973 | D:10     | Acquired a manual of Fighting
 11009 | D:10     | Reached XP level 11. HP: 84/84 MP: 11/11
 11585 | D:10     | Noticed Erolcha
 11593 | D:10     | Killed Erolcha
 11713 | D:10     | Killed an unseen horror
 12144 | D:11     | Found a white marble altar of Elyvilon.
 12632 | D:11     | Noticed a brown ugly thing
 12637 | D:11     | Killed a brown ugly thing
 12829 | D:11     | Found Maicwytul's Changing Room.
 12994 | D:11     | Noticed a seven-headed hydra
 13021 | D:11     | Found Xioc's Antique Armour Shoppe.
 13068 | D:11     | Killed a nine-headed hydra
 13344 | D:12     | Acquired the amulet "Fodocate" {Reflect *Corrode MR+++
                  | Str+5 SH+5}
 13414 | D:12     | Reached skill level 10 in Long Blades
 13548 | D:12     | Found the +7 Kryia's mail coat {PotionHeal*2 rC+}
 13572 | D:12     | Noticed a skeletal warrior
 13576 | D:12     | Noticed a skeletal warrior
 13581 | D:12     | Killed an unseen horror
 13584 | D:12     | Noticed a skeletal warrior
 13586 | D:12     | Noticed a skeletal warrior
 13604 | D:11     | Killed a skeletal warrior
 13604 | D:11     | Reached XP level 12. HP: 59/95 MP: 12/12
 13688 | D:12     | Reached skill level 10 in Armour
 13694 | D:12     | Reached skill level 10 in Dodging
 13896 | D:12     | Got a polished hand crossbow
 14019 | D:12     | Found a white marble altar of Elyvilon.
 14191 | D:12     | Noticed a two-headed ogre
 14196 | D:12     | Killed a two-headed ogre
 14407 | D:12     | Reached skill level 10 in Fighting
 14407 | D:12     | Reached skill level 1 in Stealth
 14407 | D:12     | Reached skill level 1 in Evocations
 14934 | D:13     | Noticed a centaur warrior
 14941 | D:13     | Killed a centaur warrior
 15068 | D:13     | Noticed a seven-headed hydra
 15069 | D:13     | Noticed Sonja
 15073 | D:13     | Cast into level 2 of the Abyss (Sonja)
 15073 | Abyss:2  | Found a corrupted altar of Lugonu.
 15146 | Abyss:2  | Found a corrupted altar of Lugonu.
 15166 | Abyss:2  | Found a corrupted altar of Lugonu.
 15186 | Abyss:2  | Reached XP level 13. HP: 58/104 MP: 13/13
 15197 | Abyss:2  | Found a corrupted altar of Lugonu.
 15280 | Abyss:2  | Killed a lorocyproca
 15330 | Abyss:2  | Noticed a tentacled starspawn
 15353 | Abyss:2  | Killed a tentacled starspawn
 15586 | Abyss:2  | Noticed a purple draconian
 15588 | Abyss:2  | Noticed a tentacled starspawn
 15597 | Abyss:2  | Killed a purple draconian
 15610 | Abyss:2  | Slain by a tentacled starspawn

Illustrated notes

Levels and vault maps discovered:
D:1:      minmay_arrival_shattered_statue, layout_basic
D:2:      layout_loops_cross, nicolae_ru_sacrificial_ziggurat,
          overflow_temple_1_default, lightli_corner_chamber, uniq_robin,
          uniq_sigmund
D:3:      layout_basic, gammafunk_temple_overflow_elements
D:4:      layout_basic, lemuel_doored_altar, serial_shops,
          nicolae_shop_competitors_out_of_business
D:5:      minmay_opposing_rooms, layout_basic, zin_treasury,
          kennysheep_little_box, uniq_ijyb
D:6:      layout_loops_ring, lemuel_round_altar, kennysheep_mini_moat,
          grunt_temple_overflow_open, temple_statues,
          biasface_ghost_orc_armoury, enter_ossuary_4, minmay_parallelograms
D:7:      layout_loops_ring, overflow_temple_1_default
D:8:      layout_loops_corners, serial_shops, nicolae_shop_statue_plus,
          corner_web_ring, elyvilon_altar_4
D:9:      layout_rooms, overflow_temple_1_default, orc_0_dummy, serial_shops,
          shop, nicolae_shop_behind_doors, shop, serial_bayou,
          serial_bayou_pond_d, serial_bayou_shore_a, serial_bayou_pond_d,
          serial_bayou_lagoon_a, xom_shifter_show
D:10:     wander_river, layout_irregular_city, lair_entry_dummy, enter_bailey_2,
          nrook_guardian_serpent_double, uniq_erolcha
D:11:     layout_basic, serial_shops, shop, basic_altar,
          nicolae_transmutations_shop, minmay_diamond_spiral
D:12:     layout_loops_ring, basic_altar, minmay_misc_feat_enclosed,
          grunt_ogre_cave
D:13:     layout_loops_cross, erik_vaults_2, uniq_sonja
Abyss:2:  base: D:2, evilmike_abyss_exit_16, evilmike_abyss_exit_16

Skill      XL: |  1  2  3  4  5  6  7  8  9 10 11 12 13 |
---------------+----------------------------------------+-----
Armour         | 2 3 4 6 7 8 9 10 11 | 11.2
Dodging        | 2 3 4 5 7 8 9 10 11 | 11.2
Long Blades    | 3 4 5 6 7 8 10 11 | 11.4
Fighting       | 4 5 6 7 9 10 | 10.9
Stealth        | 2 3 |  3.1
Evocations     | 2 3 |  3.1

Action                   |  1- 3 |  4- 6 |  7- 9 | 10-12 | 13-15 || total
-------------------------+-------+-------+-------+-------+-------++-------
Melee: Falchion          |    78 |   146 |   422 |    95 |       ||   741
       Demon blade       |       |       |       |   427 |    80 ||   507
       Scimitar          |       |       |       |     2 |       ||     2
Invok: Berserk           |     1 |     2 |     6 |     4 |     1 ||    14
       Trog's Hand       |       |       |     2 |       |     2 ||     4
Evoke: Wand              |       |       |       |    11 |       ||    11
  Use: Scroll            |       |       |    10 |    20 |     2 ||    32
       Potion            |       |       |       |     1 |     2 ||     3
 Stab: Distracted        |       |       |     3 |     3 |       ||     6
       Paralysed         |       |       |       |     1 |       ||     1
       Sleeping          |       |       |       |       |     3 ||     3
Armor: Animal skin       |    13 |       |       |       |       ||    13
       Scale mail        |       |    42 |   165 |    94 |       ||   301
       Ring mail         |       |     2 |       |       |       ||     2
       Troll leather arm |       |       |       |    62 |    16 ||    78
Dodge: Dodged            |    59 |    77 |   247 |   294 |    69 ||   746
Block: Other             |       |       |       |    29 |    15 ||    44
       Reflection        |       |       |       |       |     2 ||     2
       Rpst.: Falchion   |    18 |    25 |    70 |    19 |       ||   132
       Demon blade       |       |       |       |    74 |    17 ||    91

Table legend: (Time is in decaauts)
 A = Elapsed time spent in this place.
 B = Non-inter-level travel time spent in this place.
 C = Inter-level travel time spent in this place.
 D = Time resting spent in this place.
 E = Time spent auto-exploring this place.
 F = Levels seen in this place.
 G = Mean time per level.
                   A        B        C        D        E       F      G
               +--------+--------+--------+--------+--------+-----+--------+
         Total |  15649 |  15294 |    355 |   3069 |   9205 |  16 |  978.1 |
       Dungeon |  13554 |  13199 |    355 |   2286 |   8577 |  13 | 1042.6 |
         Abyss |    505 |    505 |      0 |    122 |    108 |   1 |  505.0 |
       Ossuary |    384 |    384 |      0 |      0 |    220 |   1 |  384.0 |
        Bailey |   1205 |   1205 |      0 |    660 |    300 |   1 | 1205.0 |
               +--------+--------+--------+--------+--------+-----+--------+

Top non-repeatable levels by time:
     D:9: 1505 daAuts
     D:1: 1335 daAuts
    D:10: 1293 daAuts
    D:11: 1244 daAuts
  Bailey: 1205 daAuts
     D:5: 1127 daAuts
     D:8: 1116 daAuts
     D:4: 1097 daAuts
    D:12: 1045 daAuts
     D:2: 1036 daAuts
     D:7: 852 daAuts
     D:3: 716 daAuts
     D:6: 602 daAuts
    D:13: 581 daAuts
 Abyss:2: 505 daAuts
